 Dungeon Crawl Stone Soup version 0.20-a0-1086-g4bd2f5b (webtiles) character file.

39 edearth the Charmwright (level 3, -3/28 HPs)
             Began as a Merfolk Skald on May 1, 2017.
             Slain by an ooze (5 damage)
             ... on level 1 of the Dungeon.
             The game lasted 00:04:32 (1450 turns).

edearth the Charmwright (Merfolk Skald)             Turns: 1450, Time: 00:04:32

Health: -3/28      AC:  3    Str: 11    XL:     3   Next: 45%
Magic:  6/6        EV: 12    Int: 13    God:
Gold:   18         SH:  0    Dex: 13    Spells: 5/6 levels left

rFire    . . .     SeeInvis .   m - -1 short sword (curse)
rCold    . . .     Gourm    .   (no shield)
rNeg     . . .     Faith    .   b - +0 leather armour
rPois    .         Spirit   .   (no helmet)
rElec    .         Reflect  .   (no cloak)
rCorr    .         Harm     .   (no gloves)
MR       .....     Rnd*Tele +   (no boots)
Stlth    +.........             (no amulet)
Regen    0.1/turn               h - ring of teleportation (curse)
MPRegen  0.1/turn               (no ring)

@: no status effects
A: change form in water, swift swim, stealthy swim
a: no special abilities


You were on level 1 of the Dungeon.
You were hungry.

You visited 1 branch of the dungeon, and saw 2 of its levels.

You collected 18 gold pieces.

Inventory:

Hand Weapons
 a - a +0 falchion
 m - a cursed -1 short sword (weapon)
Armour
 b - a +0 leather armour (worn)
Jewellery
 h - a cursed ring of teleportation (left hand)
Scrolls
 g - a scroll of identify
Potions
 e - a potion of brilliance {unknown}
 i - a potion of curing {unknown}
 k - a potion of haste
 l - a potion of degeneration {unknown}
Books
 c - a book of Battle

   Spells                             Type                      Level
   a - Infusion                       Charms                       1
   b - Shroud of Golubria             Charms/Translocation         2
   c - Song of Slaying                Charms                       2
   d - Spectral Weapon                Hexes/Charms                 3
   e - Regeneration                   Charms/Necromancy            3
Comestibles
 d - a bread ration
 f - a royal jelly
 j - 2 chunks of flesh


   Skills:
 + Level 2.5 Fighting
 + Level 2.9 Long Blades
 + Level 1.1 Armour
 + Level 3.1 Dodging
 + Level 2.2 Spellcasting
 + Level 3.5 Charms


You had 5 spell levels left.
You knew the following spells:

 Your Spells              Type           Power        Failure   Level  Hunger
a - Infusion              Chrm           ##..         8%          1    ##.....


Dungeon Overview and Level Annotations

Branches:
Dungeon (2/15)

Altars:

Annotations:
D:2 Sigmund


Message History

Your surroundings suddenly seem different.
An ooze and a dart slug come into view.
There are monsters nearby!
A frilled lizard comes into view.
The frilled lizard hisses angrily.
The dart slug bites you.
* * * LOW HITPOINT WARNING * * *
You hit the dart slug.
The dart slug is lightly wounded.
The dart slug launches a dart at you. The slug dart hits you!
* * * LOW HITPOINT WARNING * * *
The ooze barely misses you.
You hit the ooze but do no damage. The ooze hits you.
* * * LOW HITPOINT WARNING * * *
You hit the ooze.
The ooze is lightly wounded.
Something hits the plant but does no damage.
The ooze hits you.
You die...

#.# #.# #.........###.#
#.. #.###.######...P.P...#
#.# ###
#.............P#≈#P..###.#
#
#####.#######.##≈##.#....#
# #.........≈≈≈≈≈.##.#.# #
########..##≈##.##.#.# #
#.lP#≈#P......##### #
##..P.P...........# #
#.wJ@.........##.####
#######.......##.....
#.......##.####
#.......##.....
#.......##.###.
####.......##># #.
#..........##.# #.
#.###.........# ## #.#
###########


You could see an ooze, a dart slug and a frilled lizard.

Vanquished Creatures
  An adder (D:1)
  4 dart slugs (D:1)
  A leopard gecko (D:1)
  A giant cockroach (D:1)
  4 goblins (D:1)
  2 hobgoblins (D:1)
  2 bats (D:1)
  2 frilled lizards (D:1)
  6 rats (D:1)
23 creatures vanquished.

Notes
Turn   | Place    | Note
-------+----------+-------------------------------------------
     0 | D:1      | edearth the Merfolk Skald began the quest for the Orb.
     0 | D:1      | Reached XP level 1. HP: 16/16 MP: 3/3
   352 | D:1      | Reached XP level 2. HP: 20/23 MP: 5/5
   456 | D:1      | HP: 1/23 [goblin/club (2)]
   806 | D:1      | HP: 1/23 [goblin/club (2)]
   807 | D:1      | Reached XP level 3. HP: 1/28 MP: 6/6
  1272 | D:2      | Noticed Sigmund
  1295 | D:1      | Reached skill level 1 in Armour
  1319 | D:1      | HP: 1/28 [poisoned by an adder]
  1450 | D:1      | Slain by an ooze

Vault maps used:
D:1:      eino_arrival_water_cross
D:2:      nicolae_overflow_hidden_temple, first_bread,
          chequers_ecumenical_altar_simple_redux, uniq_sigmund, uniq_jessica

Skill      XL: |  1  2  3 |
---------------+----------+-----
Dodging        | 3 |  3.1
Armour         | 1 |  1.1
Fighting       | |  2.5
Long Blades    | |  2.9
Spellcasting   | |  2.2
Charms         | |  3.5

Action                   || total
-------------------------++-------
Melee: Falchion          ||    66
       Short sword       ||    70
 Cast: Infusion          ||     3
  Use: Scroll            ||     3
  Eat: Chunk             ||     1
Armor: Leather armour    ||    31
Dodge: Dodged            ||    72
       Rpst.: Falchion   ||    12
